| TOP OF THE 1ST |
|
Duluth-Superior Dukes batting - Pitching for Sioux Falls Packers : LHP Miguel Reyes
|
|
Pitching: LHP Miguel Reyes
|
|
|
Batting: RHB Ricky Sheetz
|
0-0: Fly out, F9 (Flyball, 9S, EV 83.1 MPH)
|
|
Batting: LHB Ralph Bryant
|
0-0: Ball 1-0: Fly out, F9 (Flyball, 89D, EV 90.6 MPH)
|
|
Batting: LHB Ron Henika
|
0-0: Ball 1-0: Ground out 4-3 (Groundball, 4, EV 108.1 MPH)
|
| Top of the 1st over - 0 runs, 0 hits, 0 errors, 0 left on base; Duluth-Superior 0 - Sioux Falls 0 |
| BOTTOM OF THE 1ST |
|
Sioux Falls Packers batting - Pitching for Duluth-Superior Dukes : RHP Pete Rice
|
|
Pitching: RHP Pete Rice
|
|
|
Batting: RHB Donald Devlin
|
0-0: Ball 1-0: Ball 2-0: Swinging Strike 2-1: Fly out, F6 (Popup, 6M, EV 65.6 MPH)
|
|
Batting: RHB Javier Flores
|
0-0: Called Strike 0-1: Ball 1-1: Ball 2-1: Fly out, F8 (Flyball, 8RS, EV 80.6 MPH)
|
|
Batting: LHB Mike Aldrete
|
0-0: Called Strike 0-1: SINGLE (Flyball, 6MD, EV 93.8 MPH)
|
|
Batting: SHB Dan Hanggie
|
0-0: Foul Ball, location: 2F 0-1: Ball 1-1: Ball 2-1: Swinging Strike 2-2: Fly out, F9 (Flyball, 9D, EV 73.1 MPH)
|
| Bottom of the 1st over - 0 runs, 1 hit, 0 errors, 1 left on base; Duluth-Superior 0 - Sioux Falls 0 |
| TOP OF THE 2ND |
|
Duluth-Superior Dukes batting - Pitching for Sioux Falls Packers : LHP Miguel Reyes
|
|
Batting: RHB Dave Hengel
|
0-0: Called Strike 0-1: Ball 1-1: SINGLE (Line Drive, 9S, EV 103.1 MPH)
|
|
Batting: RHB Jim Ferguson
|
0-0: Fly out, F8 (Flyball, 8RM, EV 82.5 MPH)
|
|
Batting: SHB Garry Humpston
|
0-0: Ball 1-0: Fly out, F7 (Line Drive, 7, EV 92.5 MPH)
|
|
Batting: RHB Gary Hinson
|
0-0: Swinging Strike 0-1: Ball 1-1: Foul Ball, location: 2F 1-2: Strikes out swinging
|
| Top of the 2nd over - 0 runs, 1 hit, 0 errors, 1 left on base; Duluth-Superior 0 - Sioux Falls 0 |
| BOTTOM OF THE 2ND |
|
Sioux Falls Packers batting - Pitching for Duluth-Superior Dukes : RHP Pete Rice
|
|
Batting: LHB Randy Salava
|
0-0: Swinging Strike 0-1: Fly out, F7 (Line Drive, 7, EV 97.5 MPH)
|
|
Batting: SHB Gary Springer
|
0-0: Called Strike 0-1: Foul Ball, location: 2F 0-2: Ball 1-2: Ball 2-2: Strikes out swinging
|
|
Batting: LHB Richard Wilkinson
|
0-0: SOLO HOME RUN (Line Drive, 9D, EV 101.3 MPH), Distance : 351 ft
|
|
Batting: RHB Ben Amaya
|
0-0: Fly out, F7 (Line Drive, 7, EV 94.4 MPH)
|
| Bottom of the 2nd over - 1 run, 1 hit, 0 errors, 0 left on base; Duluth-Superior 0 - Sioux Falls 1 |
| TOP OF THE 3RD |
|
Duluth-Superior Dukes batting - Pitching for Sioux Falls Packers : LHP Miguel Reyes
|
|
Batting: RHB Hector Cervantes
|
0-0: Ball 1-0: Foul Ball, location: 2F 1-1: Foul Ball, location: 2F 1-2: Foul Ball, location: 2F 1-2: Ground out 6-3 (Groundball, 56, EV 82.5 MPH)
|
|
Batting: RHB Allan Garray
|
0-0: Ball 1-0: Ground out 4-3 (Groundball, 4, EV 108.1 MPH)
|
|
Batting: RHB Ricky Sheetz
|
0-0: Swinging Strike 0-1: Ball 1-1: Called Strike 1-2: Ball 2-2: Foul Ball, location: 2F 2-2: Ball 3-2: Strikes out swinging
|
| Top of the 3rd over - 0 runs, 0 hits, 0 errors, 0 left on base; Duluth-Superior 0 - Sioux Falls 1 |
| BOTTOM OF THE 3RD |
|
Sioux Falls Packers batting - Pitching for Duluth-Superior Dukes : RHP Pete Rice
|
|
Batting: RHB Francisco Perez
|
0-0: Ball 1-0: Ball 2-0: Ball 3-0: DOUBLE (Line Drive, 9LD, EV 102.5 MPH)
|
|
Batting: RHB Donald Devlin
|
0-0: Swinging Strike 0-1: Ball 1-1: Called Strike 1-2: Strikes out swinging, 2-3 out at first.
|
|
Batting: RHB Javier Flores
|
0-0: Foul Ball, location: 2F 0-1: Foul Ball, location: 2F 0-2: SINGLE (Groundball, 34D, EV 94.4 MPH) Francisco Perez to third Runner from 3rd tries for Home, SAFE, throw by RF to home
|
|
Batting: LHB Mike Aldrete
|
0-0: Swinging Strike 0-1: Ball 1-1: Ball Wild Pitch! Javier Flores to second 2-1: Ball 3-1: Called Strike 3-2: SINGLE (Groundball, 6MD, EV 96.9 MPH) Javier Flores to third Runner from 3rd tries for Home, SAFE, throw by CF to home
|
|
Batting: SHB Dan Hanggie
|
0-0: Called Strike 0-1: Called Strike 0-2: Strikes out swinging
|
|
Batting: LHB Randy Salava
|
0-0: Called Strike 0-1: Fielders Choice at 2nd, 5-4 (Groundball, 5, EV 84.4 MPH)
|
| Bottom of the 3rd over - 2 runs, 3 hits, 0 errors, 1 left on base; Duluth-Superior 0 - Sioux Falls 3 |
| TOP OF THE 4TH |
|
Duluth-Superior Dukes batting - Pitching for Sioux Falls Packers : LHP Miguel Reyes
|
|
Batting: LHB Ralph Bryant
|
0-0: Ground out 4-3 (Groundball, 4, EV 94.4 MPH)
|
|
Batting: LHB Ron Henika
|
0-0: Called Strike 0-1: Reached via error on a dropped throw from SS, E3 (Groundball, 6MS, EV 81.9 MPH)
|
|
Batting: RHB Dave Hengel
|
0-0: Ball 1-0: Foul Ball, location: 2F 1-1: Ball 2-1: Foul Ball, location: 2F 2-2: Strikes out looking
|
|
Batting: RHB Jim Ferguson
|
0-0: Ball 1-0: Swinging Strike 1-1: Ball 2-1: Swinging Strike 2-2: Strikes out swinging
|
| Top of the 4th over - 0 runs, 0 hits, 1 error, 1 left on base; Duluth-Superior 0 - Sioux Falls 3 |
| BOTTOM OF THE 4TH |
|
Sioux Falls Packers batting - Pitching for Duluth-Superior Dukes : RHP Pete Rice
|
|
Batting: SHB Gary Springer
|
0-0: Called Strike 0-1: Swinging Strike 0-2: Fly out, F8 (Flyball, 8LM, EV 95.0 MPH)
|
|
Batting: LHB Richard Wilkinson
|
0-0: Ball 1-0: Foul Ball, location: 2F 1-1: Ball 2-1: Ball 3-1: SINGLE (Groundball, 15S, EV 67.5 MPH) (infield hit)
|
|
Batting: RHB Ben Amaya
|
0-0: Ball 1-0: Fly out, F9 (Flyball, 9, EV 88.8 MPH)
|
|
Batting: RHB Francisco Perez
|
0-0: Called Strike 0-1: Fly out, F7 (Flyball, 7, EV 91.9 MPH)
|
| Bottom of the 4th over - 0 runs, 1 hit, 0 errors, 1 left on base; Duluth-Superior 0 - Sioux Falls 3 |
| TOP OF THE 5TH |
|
Duluth-Superior Dukes batting - Pitching for Sioux Falls Packers : LHP Miguel Reyes
|
|
Batting: SHB Garry Humpston
|
0-0: Fly out, F8 (Flyball, 8RD, EV 95.0 MPH)
|
|
Batting: RHB Gary Hinson
|
0-0: Ball 1-0: Ball 2-0: Ground out 2-3 (Groundball, 15S, EV 73.1 MPH)
|
|
Batting: RHB Hector Cervantes
|
0-0: Called Strike 0-1: Called Strike 0-2: Ball 1-2: Ground out 6-3 (Groundball, 6M, EV 106.3 MPH)
|
| Top of the 5th over - 0 runs, 0 hits, 0 errors, 0 left on base; Duluth-Superior 0 - Sioux Falls 3 |
| BOTTOM OF THE 5TH |
|
Sioux Falls Packers batting - Pitching for Duluth-Superior Dukes : RHP Pete Rice
|
|
Batting: RHB Donald Devlin
|
0-0: Called Strike 0-1: Fly out, F8 (Flyball, 8RS, EV 90.6 MPH)
|
|
Batting: RHB Javier Flores
|
0-0: Ball 1-0: Ground out 5-3 (Groundball, 56, EV 84.4 MPH)
|
|
Batting: LHB Mike Aldrete
|
0-0: Ball 1-0: Swinging Strike 1-1: Called Strike 1-2: Ball 2-2: Foul Ball, location: 2F 2-2: Foul Ball, location: 2F 2-2: Fly out, F8 (Flyball, 8RM, EV 90.6 MPH)
|
| Bottom of the 5th over - 0 runs, 0 hits, 0 errors, 0 left on base; Duluth-Superior 0 - Sioux Falls 3 |
| TOP OF THE 6TH |
|
Duluth-Superior Dukes batting - Pitching for Sioux Falls Packers : LHP Miguel Reyes
|
|
Batting: RHB Allan Garray
|
0-0: Ball 1-0: Called Strike 1-1: Foul Ball, location: 2F 1-2: Ball 2-2: Strikes out swinging
|
|
Batting: RHB Ricky Sheetz
|
0-0: Foul Ball, location: 2F 0-1: Ball 1-1: Foul Ball, location: 2F 1-2: Ball 2-2: Ball 3-2: DOUBLE (Line Drive, 8LXD, EV 111.9 MPH)
|
|
Batting: LHB Ralph Bryant
|
0-0: Foul Ball, location: 2F 0-1: Ball 1-1: Ball 2-1: Swinging Strike 2-2: Ball 3-2: Foul Ball, location: 2F 3-2: Strikes out swinging
|
|
Batting: LHB Ron Henika
|
0-0: Ball 1-0: Ball 2-0: Called Strike 2-1: Foul Ball, location: 2F 2-2: Ball 3-2: Foul Ball, location: 2F 3-2: SINGLE (Line Drive, 78M, EV 90.6 MPH) Ricky Sheetz to third Ricky Sheetz scores
|
|
Batting: RHB Dave Hengel
|
0-0: Ball 1-0: Ball 2-0: Foul Ball, location: 2F 2-1: Fielders Choice at 2nd, 6-4 (Groundball, 6, EV 100.6 MPH)
|
| Top of the 6th over - 1 run, 2 hits, 0 errors, 1 left on base; Duluth-Superior 1 - Sioux Falls 3 |
| BOTTOM OF THE 6TH |
|
Sioux Falls Packers batting - Pitching for Duluth-Superior Dukes : RHP Pete Rice
|
|
Batting: SHB Dan Hanggie
|
0-0: Called Strike 0-1: Called Strike 0-2: Strikes out swinging
|
|
Batting: LHB Randy Salava
|
0-0: Ground out 6-3 (Groundball, 6, EV 85.0 MPH)
|
|
Batting: SHB Gary Springer
|
0-0: Ball 1-0: Foul Ball, location: 2F 1-1: Ball 2-1: Fly out, F8 (Flyball, 89D, EV 98.8 MPH)
|
| Bottom of the 6th over - 0 runs, 0 hits, 0 errors, 0 left on base; Duluth-Superior 1 - Sioux Falls 3 |
| TOP OF THE 7TH |
|
Duluth-Superior Dukes batting - Pitching for Sioux Falls Packers : LHP Miguel Reyes
|
|
Batting: RHB Jim Ferguson
|
0-0: Ball 1-0: Swinging Strike 1-1: Ground out 4-3 (Groundball, 4, EV 83.1 MPH)
|
|
Batting: SHB Garry Humpston
|
0-0: Ball 1-0: Foul Ball, location: 2F 1-1: Ground out 6-3 (Groundball, 6, EV 103.8 MPH)
|
|
Batting: RHB Gary Hinson
|
0-0: Ball 1-0: Ball 2-0: Called Strike 2-1: TRIPLE (Flyball, 89XD, EV 95.0 MPH)
|
|
Batting: RHB Hector Cervantes
|
0-0: Fly out, F4 (Flyball, 3D, EV 87.5 MPH)
|
| Top of the 7th over - 0 runs, 1 hit, 0 errors, 1 left on base; Duluth-Superior 1 - Sioux Falls 3 |
| BOTTOM OF THE 7TH |
|
Sioux Falls Packers batting - Pitching for Duluth-Superior Dukes : RHP Pete Rice
|
|
Batting: LHB Richard Wilkinson
|
0-0: Foul Ball, location: 2F 0-1: Called Strike 0-2: Foul Ball, location: 2F 0-2: Fly out, F8 (Line Drive, 8RD, EV 91.9 MPH)
|
|
Batting: RHB Ben Amaya
|
0-0: Foul Ball, location: 2F 0-1: Hit by Pitch
|
|
Batting: RHB Francisco Perez
|
0-0: Called Strike 0-1: Ground out 6-3 (Groundball, 6MD, EV 99.4 MPH) Ben Amaya to second
|
|
Batting: RHB Donald Devlin
|
0-0: Intentional Walk
|
|
Batting: RHB Javier Flores
|
0-0: Foul Ball, location: 2F 0-1: Fly out, F9 (Flyball, 9S, EV 86.3 MPH)
|
| Bottom of the 7th over - 0 runs, 0 hits, 0 errors, 2 left on base; Duluth-Superior 1 - Sioux Falls 3 |
| TOP OF THE 8TH |
|
Duluth-Superior Dukes batting - Pitching for Sioux Falls Packers : LHP Miguel Reyes
|
|
Batting: RHB Allan Garray
|
0-0: Ball 1-0: Called Strike 1-1: Swinging Strike 1-2: Ball 2-2: Strikes out swinging
|
|
Batting: RHB Ricky Sheetz
|
0-0: Foul Ball, location: 2F 0-1: Called Strike 0-2: Fly out, F6 (Flyball, 56D, EV 89.4 MPH)
|
|
Batting: LHB Ralph Bryant
|
0-0: Ground out 4-3 (Groundball, 4S, EV 67.5 MPH)
|
| Top of the 8th over - 0 runs, 0 hits, 0 errors, 0 left on base; Duluth-Superior 1 - Sioux Falls 3 |
| BOTTOM OF THE 8TH |
|
Sioux Falls Packers batting - Pitching for Duluth-Superior Dukes : RHP Pete Rice
|
|
Batting: LHB Mike Aldrete
|
0-0: Ball 1-0: Swinging Strike 1-1: Ball 2-1: Called Strike 2-2: Ball 3-2: Foul Ball, location: 2F 3-2: SINGLE (Line Drive, 78M, EV 105.6 MPH)
|
|
Batting: SHB Dan Hanggie
|
0-0: Ball 1-0: Ball 2-0: Grounds into double play, 6-4-3 (Groundball, 6MS, EV 80.0 MPH)
|
|
Batting: LHB Randy Salava
|
0-0: Ball 1-0: Ball 2-0: Called Strike 2-1: Foul Ball, location: 2F 2-2: Foul Ball, location: 2F 2-2: Ball 3-2: Ground out 6-3 (Groundball, 6S, EV 83.8 MPH)
|
| Bottom of the 8th over - 0 runs, 1 hit, 0 errors, 0 left on base; Duluth-Superior 1 - Sioux Falls 3 |
| TOP OF THE 9TH |
|
Duluth-Superior Dukes batting - Pitching for Sioux Falls Packers : LHP Miguel Reyes
|
|
Pitching: LHP Michael Elliott
|
|
|
Now at 3B: Ricky Jones
|
|
|
Batting: LHB Ron Henika
|
0-0: Called Strike 0-1: Ball 1-1: Ball 2-1: Ground out 3-1 (Groundball, 34S, EV 83.8 MPH)
|
|
Batting: RHB Dave Hengel
|
0-0: Ball 1-0: Called Strike 1-1: Ball 2-1: Foul Ball, location: 2F 2-2: Ball 3-2: Foul Ball, location: 2F 3-2: Foul Ball, location: 2F 3-2: Strikes out looking
|
|
Batting: RHB Jim Ferguson
|
0-0: Ball 1-0: Foul Ball, location: 2F 1-1: Called Strike 1-2: Ball 2-2: Strikes out swinging
|
| Top of the 9th over - 0 runs, 0 hits, 0 errors, 0 left on base; Duluth-Superior 1 - Sioux Falls 3 |
|